 Dungeon Crawl Stone Soup version 0.28-a0-265-g048bc9fd10 (webtiles) character file.

Game seed: 6478111953282485898

12583 robertstho the Thaumaturge (level 12, -5/76 HPs)
             Began as a Djinni Fire Elementalist on Aug 27, 2021.
             Was an Initiate of Gozag.
             Slain by a boulder beetle (57 damage)
             ... on level 11 of the Dungeon.
             The game lasted 00:17:16 (16558 turns).

robertstho the Thaumaturge (DjFE)                  Turns: 16558, Time: 00:17:16

Health: -5/76      AC:  4    Str:  7    XL:     12   Next: 22%
Gold:   1392       EV: 13    Int: 21    God:    Gozag SH:  0 Dex: 15

rFire   + + +      SeeInvis .   o - +1 whip (elec)
rCold   x x .      Faith    .   (no shield)
rNeg    . . .      Spirit   .   a - +0 robe
rPois   ∞          Reflect  .   f - +0 helmet
rElec   .          Harm     .   j - +0 cloak
rCorr   .          Rampage  .   (no gloves)
Will    +....                   (boots unavailable)
Stlth   +++.......              (no amulet)
HPRegen 0.22/turn               k - ring of wizardry
MPRegen 0.00/turn               r - ring of fire

@: flying
A: sickness immunity, fire resistance 2, cold vulnerability 1, float, innate
caster, hp casting, extra vitality 1
a: Renounce Religion, Potion Petition, Call Merchant, Bribe Branch


You were on level 11 of the Dungeon.
You worshipped Gozag.
Gozag was most pleased with you.
You visited 2 branches of the dungeon, and saw 12 of its levels.

You collected 1688 gold pieces.
You spent 169 gold pieces at shops.
You paid 127 gold pieces to Gozag.

Inventory:

Hand Weapons
 o - a +1 whip of electrocution (weapon)
Armour
 a - a +0 robe (worn)
 f - a +0 helmet (worn)
 j - a +0 cloak (worn)
Jewellery
 k - a ring of wizardry (left hand)
 q - a ring of see invisible
 r - a ring of fire (right hand)
 w - a ring of protection from fire
Wands
 t - a wand of iceblast (5)
Scrolls
 b - 5 scrolls of enchant armour
 d - 4 scrolls of teleportation
 h - 2 scrolls of vulnerability {unknown}
 i - 2 scrolls of immolation
 m - 2 scrolls of magic mapping {unknown}
 p - 2 scrolls of torment {unknown}
 s - 2 scrolls of holy word
 x - a scroll of fog {unknown}
 y - 2 scrolls of identify
Potions
 c - 3 potions of brilliance {unknown}
 e - a potion of flight {unknown}
 g - 5 potions of curing
 l - 3 potions of lignification {unknown}
 n - 3 potions of resistance
 u - a potion of haste {unknown}
 v - a potion of degeneration {unknown}
 z - a potion of ambrosia {unknown}
 A - a potion of berserk rage {unknown}
 B - a potion of invisibility {unknown}


   Skills:
 + Level 2.7 Fighting
 + Level 2.8 Maces & Flails
 + Level 4.0 Dodging
 + Level 5.3 Stealth
 + Level 13.0 Spellcasting


You had 7 spell levels left.
You knew the following spells:

 Your Spells              Type           Power      Damage    Failure   Level
a - Foxfire               Conj/Fire      100%       2x1d9     0%          1
b - Conjure Flame         Conj/Fire      80%        6-21      1%          3
c - Inner Flame           Hex/Fire       80%        N/A       1%          3
d - Sticky Flame          Conj/Fire      80%        2d9       1%          4
e - Fireball              Conj/Fire      40%        3d16      1%          5
f - Apportation           Tloc           100%       N/A       0%          1
g - Static Discharge      Conj/Air       62%        N/A       1%          2
h - Summon Guardian Gole  Hex/Summ       62%        N/A       1%          3
i - Teleport Other        Tloc           62%        N/A       1%          3
j - Borgnjor's Vile Clut  Necr/Erth      31%        N/A       1%          5
Your spell library was empty.

Dungeon Overview and Level Annotations

Branches:
Dungeon (11/15)            Temple (1/1) D:5            Lair (0/6) D:11
    Orc (0/2) D:10

Altars:
Ashenzari
Dithmenos
Elyvilon
Fedhas
Gozag
Hepliaklqana
Kikubaaqudgha
Makhleb
Nemelex Xobeh
Okawaru
Qazlal
Sif Muna
Uskayaw
Vehumet
Xom
Yredelemnul
Zin

Shops:
D:3 ((*(   D:11 =

Annotations:
D:3 Good shop 246 axe


Innate Abilities, Weirdness & Mutations

You are immune to sickness and miasma.
You are immune to poison.
Your flesh is very heat resistant. (rF++)
You are vulnerable to cold. (rC-)
You float through the air rather than walking.
You learn spells naturally, not from books.
Your magical power is your life essence.
You have superior vitality. (+4 HP)


Message History

You feel a surge of power!
The fireball explodes!
The fireball engulfs the boulder beetle.
The boulder beetle is lightly wounded.
The zombie hands constrict the boulder beetle!
The boulder beetle curls into a ball and begins rolling!
Unknown command.
Casting: Fireball (dangerous; 1% risk of failure)
Confirm with . or Enter, or press ? or * to list all spells.
Aiming: Fireball (dangerous; 1% risk of failure)
Press: ? - help, Shift-Dir - straight line You feel a surge of power!
The fireball explodes!
The fireball engulfs the boulder beetle!
The boulder beetle is moderately wounded.
The zombie hands constrict the boulder beetle.
The boulder beetle escapes!
Unknown command.
Casting: Fireball (dangerous; 1% risk of failure)
Confirm with . or Enter, or press ? or * to list all spells.
Aiming: Fireball (dangerous; 1% risk of failure)
Press: ? - help, Shift-Dir - straight line, f - boulder beetle
Aim: a boulder beetle (moderately wounded, rolling)
You feel a surge of power!
The fireball explodes!
The fireball engulfs the boulder beetle!
The boulder beetle is heavily wounded.
Unknown command.
Casting: Fireball (dangerous; 1% risk of failure)
Confirm with . or Enter, or press ? or * to list all spells.
You don't know that spell.
Unknown command.
Casting: Fireball (dangerous; 1% risk of failure)
Confirm with . or Enter, or press ? or * to list all spells.
Aiming: Borgnjor's Vile Clutch (dangerous; 1% risk of failure)
Press: ? - help, Shift-Dir - straight line, f/p - boulder beetle
Aim: a boulder beetle (heavily wounded, rolling, 100% to hit)
Zombie hands grab the boulder beetle.
The zombie hands constrict the boulder beetle.
The boulder beetle hits you!!!
Ouch! That really hurt!
You die...
Your body crumbles into a pile of gold.

........#.........#
........#.........#
........#.........#
#.......#.##.##...#
#.....###'##.##...#
#.....#...#.......#
#.....#...#.......#
#.....#...#.......#
#.....#...#.....@.#
#.....#...#.....B.#
#.....'...#.....°.#
#.....#...#.....°.#
#.....##..#####...#
#......#..# #...#
#......#.... #...#
#......#..... #...#
#......#......


You could see a boulder beetle (rolling, clutched).

Vanquished Creatures
  A boulder beetle (D:11)
  2 two-headed ogres (D:8)
  Pikel (D:4)
  A manticore (D:11)
  Maurice (D:8)
  4 trolls
  2 hornets
  6 wyverns
  16 yaks
  Menkaure (D:5)
  An acid dragon (D:10)
  2 water moccasins (D:11)
  2 orc warriors
  2 ice beasts
  2 sky beasts
  4 necrophages
  3 ogres
  A black bear (D:5)
  A hornet zombie (D:5)
  5 centaurs
  4 kobold brigands (D:7)
  2 phantoms
  Blork the orc (D:4)
  A bullfrog (D:9)
  A gnoll sergeant (D:6)
  2 scorpions
  A water moccasin zombie (D:4)
  A water moccasin skeleton (D:7)
  3 wights (D:10)
  5 howler monkeys
  3 centaur zombies
  A bullfrog zombie (D:5)
  4 lava snakes (D:10)
  5 gnoll shamans
  5 hounds
  3 orc priests
  2 jellies
  A bullfrog skeleton (D:5)
  2 iguanas
  2 orc wizards (D:9)
  A howler monkey zombie (D:9)
  Robin (D:4)
  A howler monkey skeleton (D:5)
  4 adders
  24 gnolls
  2 white imps
  An ufetubus (D:6)
  3 dart slugs
  15 orcs
  3 endoplasms
  3 giant cockroaches
  13 hobgoblins
  7 jackals (D:1)
  7 quokkas
  3 ball pythons
  6 bats
  4 frilled lizards
  16 goblins
  19 kobolds
  4 rats
244 creatures vanquished.

Vanquished Creatures (collateral kills)
  2 foxfires (D:1)
2 creatures vanquished.

Vanquished Creatures (others)
  A human (D:6)
  458 foxfires
  2 fungi (D:11)
  37 plants
498 creatures vanquished.

Grand Total: 744 creatures vanquished

Notes
Turn   | Place    | Note
-------+----------+-------------------------------------------
     0 | D:1      | robertstho the Djinni Fire Elementalist began the quest for
                  | the Orb.
     0 | D:1      | Reached XP level 1. HP: 15/15 MP: 0/0
    99 | D:1      | Reached XP level 2. HP: 8/21 MP: 0/0
   744 | D:1      | Reached skill level 3 in Spellcasting
   938 | D:1      | Reached XP level 3. HP: 23/25 MP: 0/0
   938 | D:1      | Learned a level 1 spell: Apportation
  1386 | D:1      | Found a faded altar of an unknown god.
  2040 | D:2      | Reached XP level 4. HP: 29/31 MP: 0/0
  2935 | D:3      | Reached XP level 5. HP: 33/35 MP: 0/0
  2935 | D:3      | Learned a level 2 spell: Static Discharge
  3007 | D:3      | Found Qaatus's General Store.
  3012 | D:3      | Bought a scroll of identify for 26 gold pieces
  3026 | D:3      | Reached skill level 4 in Spellcasting
  3335 | D:3      | Found Giahel's Antique Weapon Shoppe.
  3458 | D:3      | Found Uraonan's Antique Weapon Boutique.
  3623 | D:3      | Found Omotteoc's Weapon Boutique.
  3718 | D:3      | Bought a potion of heal wounds for 65 gold pieces
  3718 | D:3      | Bought a scroll of teleportation for 39 gold pieces
  3903 | D:4      | Noticed an ice beast
  3912 | D:4      | Killed an ice beast
  3913 | D:4      | Reached XP level 6. HP: 24/40 MP: 0/0
  3988 | D:4      | Reached skill level 5 in Spellcasting
  4288 | D:4      | Reached XP level 7. HP: 39/45 MP: 0/0
  4288 | D:4      | Learned a level 3 spell: Summon Guardian Golem
  4684 | D:4      | Noticed Pikel
  4694 | D:4      | Killed Pikel
  4695 | D:4      | Reached skill level 6 in Spellcasting
  4695 | D:4      | Reached XP level 8. HP: 40/50 MP: 0/0
  4769 | D:4      | Noticed Robin
  4776 | D:4      | Killed Robin
  5129 | D:4      | Noticed Blork the orc
  5136 | D:4      | Killed Blork the orc
  5137 | D:4      | Reached skill level 7 in Spellcasting
  5375 | D:5      | Entered Level 5 of the Dungeon
  5620 | D:5      | Noticed Menkaure
  5628 | D:5      | Killed Menkaure
  5706 | D:5      | Reached XP level 9. HP: 7/56 MP: 0/0
  5706 | D:5      | Learned a level 3 spell: Teleport Other
  6131 | D:5      | Reached skill level 8 in Spellcasting
  6989 | D:5      | Found a staircase to the Ecumenical Temple.
  7034 | D:5      | Reached skill level 1 in Fighting
  8009 | D:6      | Reached skill level 1 in Maces & Flails
  8541 | D:7      | Reached skill level 9 in Spellcasting
  8749 | D:7      | Reached XP level 10. HP: 35/64 MP: 0/0
  9104 | Temple   | Entered the Ecumenical Temple
  9154 | Temple   | Became a worshipper of Gozag Ym Sagoz the Greedy
 10563 | D:8      | Reached skill level 10 in Spellcasting
 10874 | D:8      | Noticed Maurice
 10879 | D:8      | Killed Maurice
 11105 | D:8      | Noticed a two-headed ogre
 11109 | D:8      | Killed a two-headed ogre
 11377 | D:8      | Noticed a two-headed ogre
 11381 | D:8      | Killed a two-headed ogre
 11382 | D:8      | Reached skill level 5 in Stealth
 11382 | D:8      | Reached skill level 11 in Spellcasting
 11382 | D:8      | Reached XP level 11. HP: 52/68 MP: 0/0
 11382 | D:8      | Learned a level 5 spell: Borgnjor's Vile Clutch
 12160 | D:3      | Bought a potion of curing for 39 gold pieces
 13601 | D:10     | Entered Level 10 of the Dungeon
 13873 | D:10     | Reached skill level 12 in Spellcasting
 14055 | D:10     | Found a staircase to the Orcish Mines.
 15253 | D:11     | Found Wumym's Jewellery Shoppe.
 15287 | D:11     | Noticed a manticore
 15488 | D:11     | Killed a manticore
 15496 | D:11     | Reached XP level 12. HP: 42/74 MP: 0/0
 16154 | D:11     | Found a staircase to the Lair.
 16429 | D:11     | Noticed a boulder beetle
 16433 | D:11     | Killed a boulder beetle
 16434 | D:11     | Reached skill level 13 in Spellcasting
 16551 | D:11     | Noticed a boulder beetle
 16558 | D:11     | Slain by a boulder beetle

Illustrated notes

Levels and vault maps discovered:
D:1:      heliophobic_arrival_dark_side_of_the_moon, layout_basic,
          shapermc_ecumenical_altar_rom_forum
D:2:      layout_rooms
D:3:      layout_basic, serial_shops,
          nicolae_shop_temple_entry_statues_fountains, nicolae_shop_trees, shop,
          nicolae_shop_behind_doors
D:4:      layout_gridville, uniq_robin, uniq_pikel, uniq_blork_the_orc
D:5:      layout_loops_ring, minmay_temple_entry_hall, corexii_checkpoint_a,
          uniq_menkaure
D:6:      minmay_general_purpose_star, layout_loops_ring, tgw_kikubaaqudgha
D:7:      kennysheep_housing_project, layout_basic, amcnicky_mini_pool_small
D:8:      layout_gridville, uniq_maurice
D:9:      layout_irregular_city
D:10:     layout_cave_pools, orc_0_dummy, minmay_misc_feat_five,
          kennysheep_boxes
D:11:     layout_gridville, minmay_lair_entry_grove, serial_shops, shop,
          uniq_urug
Temple:   grunt_wide_crystal_templ

Skill      XL: |  1  2  3  4  5  6  7  8  9 10 11 12 |
---------------+-------------------------------------+-----
Spellcasting   | 3 4 5 6 7 9 11 12 13 | 13.0
Stealth        | 2 3 4 5 |  5.3
Fighting       | 1 2 |  2.7
Dodging        | 3 4 |  4.0
Maces & Flails | 1 2 |  2.8

Action                   |  1- 3 |  4- 6 |  7- 9 | 10-12 || total
-------------------------+-------+-------+-------+-------++-------
Melee: Whip              |       |       |    11 |    34 ||    45
 Cast: Foxfire           |    76 |   126 |    73 |       ||   275
       Sticky Flame      |       |     2 |    14 |     5 ||    21
       Fireball          |       |       |    39 |   149 ||   188
       Borgnjor's Vile C |       |       |       |    12 ||    12
  Use: Scroll            |       |     3 |     1 |     4 ||     8
       Potion            |       |       |       |     1 ||     1
 Stab: Distracted        |       |       |     1 |       ||     1
Armor: Robe              |       |       |    10 |     7 ||    17
Dodge: Dodged            |    13 |     2 |    18 |    17 ||    50

Table legend: (Time is in decaauts)
 A = Elapsed time spent in this place.
 B = Non-inter-level travel time spent in this place.
 C = Inter-level travel time spent in this place.
 D = Time resting spent in this place.
 E = Time spent auto-exploring this place.
 F = Levels seen in this place.
 G = Mean time per level.
                   A        B        C        D        E       F      G
               +--------+--------+--------+--------+--------+-----+--------+
         Total |  16565 |  15715 |    850 |   1621 |  12754 |  12 | 1380.4 |
       Dungeon |  16497 |  15665 |    832 |   1621 |  12722 |  11 | 1499.7 |
        Temple |     67 |     50 |     17 |      0 |     32 |   1 |   67.0 |
               +--------+--------+--------+--------+--------+-----+--------+

Top non-repeatable levels by time:
     D:7: 2114 daAuts
     D:1: 1951 daAuts
     D:5: 1907 daAuts
     D:4: 1673 daAuts
     D:8: 1568 daAuts
     D:6: 1424 daAuts
     D:9: 1384 daAuts
    D:11: 1354 daAuts
    D:10: 1296 daAuts
     D:3: 1018 daAuts
     D:2: 803 daAuts
  Temple: 67 daAuts
